cohdb
Replays
Latest Replays
All Replays
Popular Replays
Top Player Replays
Match Explorer
How It Works
Community
CoH3 Stats
Reddit
Sign in to upload your games and track your stats! →
Sign in with Steam
Match 42776625
Unlisted
Match 42776625
Overview
Messages
Build Orders
End
Construct Barracks
Scout Squad
Riflemen Squad
Riflemen Squad
Riflemen Squad
Grenade Package
Construct Weapon Support Center
M1919 Machine Gun Team
Riflemen Squad
Construct Medical Station
Bazooka Squad
Mechanized Support Center
Bazooka Squad
Construct Motor Pool
M1918 Browning Automatic Rifles
M3 75 mm Gun Motor Carriage
M3 75 mm Gun Motor Carriage
M1919 Machine Gun Team
Selects Heavy Weapons
Selects Assault Carriers
Selects Exchangeable Parts
Engineer Squad
Selects M26 Pershing Heavy Tank
M26 Pershing Heavy Tank
.30 cal Machine Gun
Riflemen Squad
M1 Anti-tank Gun Team
Selects M2HB .50cal Heavy Machine Gun
Selects Gallant Stand
Selects Black Dragon Artillery Barrage
Black Dragon Artillery Barrage
matrix4x4
jimmyacute370
0
0
Comments
sign in to comment!
No comments posted yet!